AoeStats
← AiM | CanvaL

Arabia

509415141Analyzed
1v1 RM · 5d ago on Sep 26, 2026· 43m 20s· 2 players
Game mode
Random Map
Map size
Tiny (2 player)
Population
200
Speed
Normal
Resources
Standard
Victory
Conquest
Starting age
Dark Age
Ending age
Imperial Age
RankedLock teamsTeams togetherTeam positionsShared explorationLock speedFull tech treeHidden civsTurbo modeCheats
Victory
Defeat
🇨🇳 Vietnamese · China
1489
+17
🇨🇱 Mongols · Chile
1509
-17
曾瑞瘦龙
6:04 Loom
9:02 Feudal Age
9:46 Double-Bit Axe
10:49 Wheelbarrow
15:22 Fletching
21:39 Castle Age
19:45 Horse Collar
20:37 Bloodlines
20:30 Padded Archer Armor
20:29 Gold Mining
20:44 Padded Archer Armor
22:18 Bodkin Arrow
22:24 Husbandry
22:37 Bow Saw
24:48 Leather Archer Armor
26:48 Ballistics
32:55 Heavy Plow
33:25 Hand Cart
32:58 Town Watch
35:16 Stone Mining
36:17 Thumb Ring
40:04 Imperial Age
37:13 Elite Skirmisher
39:42 Scale Barding Armor
39:48 Forging
39:54 Light Cavalry
40:50 Bracer
41:52 Chemistry
42:25 Chain Barding Armor
42:09 Imperial Skirmisher
44:16 Ring Archer Armor
AiM | CanvaL
5:55 Loom
8:47 Feudal Age
9:41 Double-Bit Axe
10:46 Town Watch
12:15 Fletching
15:55 Padded Archer Armor
22:05 Castle Age
20:07 Horse Collar
21:43 Gold Mining
22:07 Crossbowman
22:58 Bodkin Arrow
28:02 Thumb Ring
30:21 Ballistics
33:17 Leather Archer Armor
40:55 Imperial Age
41:28 Arbalester
43:33 Parthian Tactics
43:11 Bracer
Connection lost

Rejoining the realm…

Still unreachable

The connection could not be restored.

Session expired

The server has moved on; the page needs a fresh start.